 Dungeon Crawl Stone Soup version 0.29.1-15-g9cfb28693d (webtiles) character file.

Game seed: 14816626095243422197

23 PriceMaster the Insei (level 2, 0/18 HPs)
             Began as an Octopode Transmuter on Apr 27, 2023.
             Slain by a kobold
             ... wielding a +0 club
              (4 damage)
             ... on level 1 of the Dungeon.
             The game lasted 00:01:35 (871 turns).

PriceMaster the Insei (Octopode Transmuter)          Turns: 871, Time: 00:01:36

Health: 0/18       AC:  3    Str:  9      XL:     2   Next: 95%
Magic:  5/5        EV: 13    Int: 13 (15) God:
Gold:   44         SH:  0    Dex: 12      Spells: 4/5 levels left

rFire   . . .      SeeInvis .   c - +0 short sword
rCold   . . .      Faith    .   (no shield)
rNeg    . . .      Spirit   .   (helmet restricted)
rPois   .          Reflect  .   (no amulet)
rElec   .          Harm     .   (no ring)
rCorr   .          Rampage  .   (no ring)
Will    .....                   (no ring)
Stlth   ++........              (no ring)
HPRegen 0.06/turn               (no ring)
MPRegen 0.09/turn               (no ring)
                                (no ring)
                                (no ring)

@: unable to drink
A: almost no armour, amphibious, 8 rings, camouflage 1, gelatinous body 1,
(nimble swimmer 1), tentacles, iridescent scales 1, deterioration 1, inability
to drink after injury 1
a: no special abilities


You were on level 1 of the Dungeon.
You visited 1 branch of the dungeon, and saw 1 of its levels.

You collected 44 gold pieces.

Inventory:

Hand Weapons
 a - a +0 short sword
 c - a +0 short sword (weapon)
Potions
 b - a potion of degeneration {unknown}


   Skills:
 + Level 1.2 Fighting
 + Level 0.1 Short Blades
 + Level 2.5 Dodging
 + Level 3.4 Unarmed Combat
 + Level 2.0 Spellcasting
 + Level 2.1 Transmutations


You had 4 spell levels left.
You knew the following spells:

 Your Spells              Type           Power      Damage    Failure   Level
a - Beastly Appendage     Tmut           12%        N/A       11%         1

Your spell library contained the following spells:

 Spells                   Type           Power      Damage    Failure   Level
 Wereblood                Tmut           6%         N/A       16%         2
 Spider Form              Tmut/Pois      4%         N/A       43%         3
 Ice Form                 Ice/Tmut       4%         N/A       85%         4


Dungeon Overview and Level Annotations

Branches:
Dungeon (1/15)

Altars:

Shops:
D:1 :


Innate Abilities, Weirdness & Mutations

You cannot wear most types of armour.
You are amphibious.
You can wear up to eight rings at the same time.
Your skin changes colour to match your surroundings (Stealth+).
Your rubbery body absorbs attacks. (AC +1, EV +1)
((You are camouflaged when in or above water. (Stealth+)))
You have tentacles for arms and can constrict up to eight enemies at once.
You are partially covered in iridescent scales. (AC +2)
Your body sometimes deteriorates upon taking damage.
You occasionally lose the ability to drink potions when taking damage.


Message History

The rat bites you.
The kobold moves out of view.
You hit the ball python. You grab the ball python.
You pierce the ball python.
You squeeze the ball python.
You kill the ball python!
The rat bites you but does no damage. The endoplasm barely misses you.
The kobold hits you with a +0 club. The endoplasm freezes you.
You are frozen.
You see here a ball python corpse.
You hit the endoplasm.
The endoplasm is lightly wounded.
The rat bites you. The endoplasm closely misses you. The kobold misses you.
You hit the endoplasm.
You pierce the endoplasm, but do no damage.
The endoplasm is moderately wounded.
The rat bites you but does no damage. The endoplasm freezes you.
You are frozen.
The kobold hits you with a +0 club.
You feel threatened and lose the ability to drink potions!
* * * LOW HITPOINT WARNING * * *
The kobold attacks as you move away! The kobold closely misses you.
The endoplasm attacks as you move away! The endoplasm barely misses you.
Your tentacle spike disappears.
The rat attacks as you move away! The rat barely misses you.
The rat attacks as you move away! The rat closely misses you.
You can drink potions again.
You hit the rat.
You kill the rat!
The endoplasm hits you but does no damage.
Something unseen opens the door.
The kobold attacks as you move away! The kobold barely misses you.
The kobold shouts!
You hit the endoplasm.
The endoplasm is almost dead.
The endoplasm completely misses you.
You hit the endoplasm.
You kill the endoplasm!
The kobold hits you with a +0 club.
You feel threatened and lose the ability to drink potions!
You die...

.............###..#.#.#####.##
.............##.......>.......
.............##...............
#.........................#.#
..............#.............#
.........####.##.#.##....#.##.
..##.###'####....#.#..........
.)...##.......>.[#............
......+....##...@..†..........
......#....#####.K#..†)†......
##.##.##.#...###..#...........
##.............K..##..........
#..#########.....###......!...
#..######## ##.### #..........
#..##.....# #'# .......#.#.
#...'..<..# .. ..........>
#..##.....# ..........


You could see 2 kobolds.

Vanquished Creatures
  2 ball pythons (D:1)
  3 endoplasms (D:1)
  4 hobgoblins (D:1)
  A quokka (D:1)
  5 goblins (D:1)
  4 kobolds (D:1)
  2 rats (D:1)
21 creatures vanquished.

Notes
Turn   | Place    | Note
-------+----------+-------------------------------------------
     0 | D:1      | PriceMaster the Octopode Transmuter began the quest for the
                  | Orb.
     0 | D:1      | Reached XP level 1. HP: 13/13 MP: 3/3
   349 | D:1      | Reached XP level 2. HP: 16/18 MP: 3/5
   352 | D:1      | Gained mutation: You occasionally lose the ability to drink
                  | potions when taking damage. [potion of mutation]
   352 | D:1      | Gained mutation: Your body sometimes deteriorates upon
                  | taking damage. [potion of mutation]
   352 | D:1      | Gained mutation: You are partially covered in iridescent
                  | scales. (AC +2) [potion of mutation]
   781 | D:1      | Found Xoydghomp's Book Emporium.
   871 | D:1      | Slain by a kobold

Illustrated notes

Levels and vault maps discovered:
D:1:      dpeg_arrival_rooms_a, layout_basic, serial_shops,
          nicolae_lakefront_shop, chequers_arboretum, minmay_heptomino_d4

Action                   || total
-------------------------++-------
Melee: Short sword       ||    54
       Constrict         ||     9
       Unarmed           ||     3
       Tentacles         ||     7
       Kick              ||     7
       Punch             ||     1
 Cast: Beastly Appendage ||     8
  Use: Potion            ||     3
Armor: Skin              ||    73
Dodge: Dodged            ||    43
